 Dungeon Crawl Stone Soup version 0.22.0-25-g7663229ff0 (webtiles) character file.

157 Kirk the Magician (level 5, 16/35 HPs)
             Began as a Demonspawn Wizard on Aug 21, 2018.
             Quit the game on level 4 of the Dungeon.
             The game lasted 00:08:20 (3436 turns).

Kirk the Magician (Demonspawn Wizard)               Turns: 3436, Time: 00:08:20

Health: 16/35      AC:  6    Str:  8    XL:     5   Next: 15%
Magic:  6/11       EV: 12    Int: 16    God:
Gold:   149        SH:  4    Dex: 11    Spells: 3/12 levels left

rFire    . . .     SeeInvis .   i - +2 dagger (flame)
rCold    . . .     Gourm    .   (no shield)
rNeg     . . .     Faith    .   a - +0 robe
rPois    .         Spirit   +   b - +1 hat
rElec    .         Reflect  +   (no cloak)
rCorr    .         Harm     .   (no gloves)
MR       .....                  (no boots)
Stlth    ++........             g - +4 amulet of reflection
HPRegen  0.11/turn              f - -4 ring of intelligence (curse)
MPRegen  0.12/turn              (no ring)

@: no status effects
A: icy blue scales 2, spiny 1, magic shield
a: no special abilities


You were on level 4 of the Dungeon.
You were very hungry.

You visited 1 branch of the dungeon, and saw 4 of its levels.

You collected 149 gold pieces.

Inventory:

Hand Weapons
 i - a +2 dagger of flaming (weapon)
 o - a cursed +0 blowgun
Missiles
 j - a throwing net (quivered)
 n - 31 poisoned needles
Armour
 a - a +0 robe (worn)
 b - a +1 hat (worn)
Magical Staves
 q - an uncursed staff of cold
Jewellery
 f - a cursed -4 ring of intelligence (left hand)
 g - a +4 amulet of reflection (around neck)
 r - a cursed amulet of inaccuracy {unknown}
Wands
 p - a wand of acid (11)
Scrolls
 h - 3 scrolls of enchant armour
Potions
 c - a potion of magic
 e - a potion of flight
 m - a potion of brilliance
Comestibles
 d - 6 rations


   Skills:
 + Level 1.2 Short Blades
 - Level 1.7 Dodging
 - Level 1.7 Stealth
 + Level 4.2 Spellcasting
 * Level 3.3 Conjurations
   Level 1.0 Summonings
 + Level 0.8 Translocations


You had 3 spell levels left.
You knew the following spells:

 Your Spells              Type           Power        Failure   Level  Hunger
a - Magic Dart            Conj           ##..         4%          1    None
b - Blink                 Tloc           N/A          17%         2    ##.....
c - Conjure Flame         Conj/Fire      #.......     26%         3    ###....
d - Mephitic Cloud        Conj/Pois/Air  #.......     30%         3    ###....

Your spell library contained the following spells:

 Spells                   Type           Power        Failure   Level  Hunger
 Call Imp                 Summ           #.......     17%         2    ##.....
 Slow                     Hex            #.......     26%         2    ##.....


Dungeon Overview and Level Annotations

Branches:
Dungeon (4/15)
 Temple: D:4-7

Altars:
Ashenzari

Annotations:
D:4 Sigmund


Innate Abilities, Weirdness & Mutations

You are mostly covered in icy blue scales. (AC +3)
You are partially covered in sharp spines.
When hurt, damage is shared between your health and your magic reserves.


Message History

Aiming: Magic Dart (safe; 4% risk of failure)
Press: ? - help, Shift-Dir - straight line, f/p - iguana
Aim: an iguana (almost dead, confused)
The magic dart hits the iguana.
The iguana is almost dead.
The iguana seems less confused.
Unknown command.
Casting: Magic Dart (safe; 4% risk of failure)
Confirm with . or Enter, or press ? or * to list all spells.
Aiming: Magic Dart (safe; 4% risk of failure)
Press: ? - help, Shift-Dir - straight line, f/p - iguana
Aim: an iguana (almost dead)
The magic dart hits the iguana.
You kill the iguana!
You have reached level 5!
Your demonic ancestry asserts itself...
Sharp spines emerge from parts of your body.
You start resting.
You are feeling very hungry.
Are you sure you want to abandon this character and quit the game? (Confirm with "yes".)

#........ #.......#
#.......# #.......#
#.......# ...
##.......####...
#...............
#...@.........
#............
#..........#
#....).....###
#............#.
#......$............
#......#............
###....#.........##.
#....#.........#


There were no monsters in sight!

Vanquished Creatures
  An iguana (D:4)
  2 adders (D:3)
  An ooze (D:1)
  2 worms
  A dart slug (D:2)
  6 leopard geckos
  10 orcs
  8 bats
  2 giant cockroaches
  10 goblins
  7 hobgoblins
  8 jackals
  7 kobolds
  A quokka (D:3)
  7 frilled lizards
  8 rats
81 creatures vanquished.

Notes
Turn   | Place    | Note
-------+----------+-------------------------------------------
     0 | D:1      | Kirk the Demonspawn Wizard began the quest for the Orb.
     0 | D:1      | Reached XP level 1. HP: 13/13 MP: 4/4
   281 | D:1      | Found a shattered altar of Ashenzari.
   313 | D:1      | Gained mutation: You are partially covered in icy blue scales. (AC +2) [demonic ancestry]
   313 | D:1      | Reached XP level 2. HP: 19/19 MP: 3/6
   982 | D:1      | Gained mutation: You are mostly covered in icy blue scales. (AC +3) [demonic ancestry]
   982 | D:1      | Reached XP level 3. HP: 21/24 MP: 0/8
  1932 | D:2      | Learned a level 2 spell: Blink
  1936 | D:2      | Learned a level 3 spell: Conjure Flame
  1940 | D:2      | Learned a level 3 spell: Mephitic Cloud
  2058 | D:3      | Gained mutation: When hurt, damage is shared between your health and your magic reserves. [demonic ancestry]
  2058 | D:3      | Reached XP level 4. HP: 26/30 MP: 0/9
  2166 | D:3      | Reached skill level 4 in Spellcasting
  2420 | D:3      | Reached skill level 1 in Short Blades
  3281 | D:4      | Noticed Sigmund
  3302 | D:4      | Noticed a phantom
  3400 | D:4      | Gained mutation: You are partially covered in sharp spines. [demonic ancestry]
  3400 | D:4      | Reached XP level 5. HP: 12/35 MP: 2/11
  3436 | D:4      | Quit the game

Skill      XL: |  1  2  3  4 |
---------------+-------------+-----
Conjurations   | 2 3 |  3.3
Spellcasting   | 4 |  4.2
Short Blades   | 1 |  1.2
Dodging        | |  1.7
Stealth        | |  1.7
Summonings     | |  1.0
Translocations | |  0.8

Action                   |  1- 3 |  4- 6 || total
-------------------------+-------+-------++-------
Melee: Dagger            |   119 |    43 ||   162
 Cast: Magic Dart        |   105 |    62 ||   167
       Mephitic Cloud    |       |     2 ||     2
  Use: Scroll            |     5 |     5 ||    10
       Potion            |       |     2 ||     2
 Stab: Sleeping          |       |     2 ||     2
       Confused          |       |     1 ||     1
  Eat: Chunk             |     4 |     3 ||     7
Armor: Robe              |    43 |    17 ||    60
Dodge: Dodged            |    82 |    36 ||   118
Block: Other             |    18 |     5 ||    23
